 Dungeon Crawl Stone Soup version 0.26-a0-67-g850bfe61e3 (webtiles) character file.

Game seed: 3168836905089723587

35 MrRokkomies the Sneak (level 3, 0/18 HPs)
             Began as a Spriggan Assassin on June 12, 2020.
             Slain by an adder (3 damage)
             ... on level 1 of the Dungeon.
             The game lasted 00:02:40 (1294 turns).

MrRokkomies the Sneak (Spriggan Assassin)           Turns: 1294, Time: 00:02:41

Health: 0/18       AC:  3    Str: 14    XL:     3   Next: 16%
Magic:  13/13      EV: 18    Int: 12    God:
Gold:   38         SH:  0    Dex: 17    Spells: 2/2 levels left

rFire    . . .     SeeInvis +   a - +2 dagger
rCold    . . .     Gourm    .   (shield restricted)
rNeg     . . .     Faith    .   b - +0 robe
rPois    .         Spirit   .   (helmet restricted)
rElec    .         Reflect  .   c - +0 cloak
rCorr    .         Harm     .   (gloves unavailable)
MR       .....                  (boots unavailable)
Stlth    +++.......             (no amulet)
HPRegen  0.06/turn              j - ring of magical power
MPRegen  0.13/turn              p - +6 ring of strength

@: lethally poisoned (0 -> -1), very quick
A: very small, unfitting armour, see invisible, herbivore, speed 3, slow
metabolism 2
a: no special abilities


You were on level 1 of the Dungeon.
You were not hungry.

You visited 1 branch of the dungeon, and saw 2 of its levels.

You collected 38 gold pieces.

Inventory:

Hand Weapons
 a - a +2 dagger (weapon)
Armour
 b - a +0 robe (worn)
 c - a +0 cloak (worn)
Jewellery
 j - a ring of magical power (left hand)
 p - a +6 ring of strength (right hand)
Scrolls
 g - a scroll of remove curse {unknown}
 i - a scroll of teleportation {unknown}
 l - a scroll of amnesia {unknown}
 o - a scroll of immolation {unknown}
Potions
 k - a potion of might {unknown}
 m - a potion of ambrosia {unknown}
 n - a potion of haste {unknown}
Comestibles
 f - 4 rations


   Skills:
 - Level 1.5 Fighting
 * Level 3.0 Short Blades
 + Level 2.3 Throwing
 * Level 2.6 Dodging
 + Level 6.1 Stealth


You had 2 spell levels left.
You didn't know any spells.
Your spell library was empty.

Dungeon Overview and Level Annotations

Branches:
Dungeon (2/15)

Altars:


Innate Abilities, Weirdness & Mutations

You are very small and have problems with some larger weapons.
You are too small for most types of armour.
You have supernaturally acute eyesight. (SInv)
You are a herbivore.
You cover ground extremely quickly.
You need to consume almost no food.


Message History

Throwing (i - inventory)
e - a curare-tipped dart (quivered)
Press: ? - help, Shift-Dir - straight line, f/p - adder
Aim: an adder (moderately wounded, poisoned)
You throw a curare-tipped dart.
The curare-tipped dart closely misses the adder.
You feel sick. The adder bites you.
You hit the adder.
The adder is heavily wounded.
The adder misses you. The adder completely misses you.
You hit the adder.
The adder is severely wounded.
The adder barely misses you.
You closely miss the adder.
The adder is severely wounded.
The adder looks more healthy.
The adder bites you.
* * * LOW HITPOINT WARNING * * *
You miss the adder.
The adder is almost dead.
The adder bites you.
You die...

####.###
#.....#.#....
####.####
#.......#..).
#...÷...#
#.....###(.##
#.#...#.#
#.....###..##
#.......#
###.....>....
#.......#
#.#####.###
#>......#
#.#####.###
#.#.....#
#.##.......
#.....@.##
#.##.##.###
#.##..S..#
#..........
#(####.#.#
####.#####.
#.####(#.#######.#
#.
#..S..(#..†......#
#.
##################
#. #. ###. #...


You could see an adder.

Vanquished Creatures
  3 dart slugs (D:1)
  A leopard gecko (D:1)
  3 giant cockroaches (D:1)
  4 goblins (D:1)
  4 hobgoblins (D:1)
  2 ball pythons (D:1)
  3 bats (D:1)
  3 frilled lizards (D:1)
  A kobold (D:1)
  5 rats (D:1)
29 creatures vanquished.

Notes
Turn   | Place    | Note
-------+----------+-------------------------------------------
     0 | D:1      | MrRokkomies the Spriggan Assassin began the quest for the
                  | Orb.
     0 | D:1      | Reached XP level 1. HP: 10/10 MP: 2/2
   321 | D:1      | Reached XP level 2. HP: 14/14 MP: 3/3
   337 | D:1      | Reached skill level 6 in Stealth
   936 | D:1      | Reached XP level 3. HP: 10/18 MP: 4/4
  1294 | D:1      | Slain by an adder

Illustrated notes

Levels and vault maps discovered:
D:1:      minmay_arrival_checkered_box, layout_loops_cross, minmay_tromino_v4_a
D:2:      layout_basic, nicolae_overflow_hidden_temple, first_ration,
          minivault_19, minmay_misc_feat_alley, kennysheep_generic_room_11,
          uniq_jessica, uniq_sigmund

Skill      XL: |  1  2 |
---------------+-------+-----
Dodging        | 2 |  2.6
Stealth        | 6 |  6.1
Short Blades   | 3 |  3.0
Fighting       | |  1.5
Throwing       | |  2.3

Action                   || total
-------------------------++-------
Melee: Dagger            ||    94
Throw: Dart              ||    10
  Use: Potion            ||     1
 Stab: Sleeping          ||     7
       Distracted        ||     1
Armor: Robe              ||    11
Dodge: Dodged            ||    73

Table legend:
 A = Non-vault XP
 B = Vault XP
 C = Vault XP percentage of total XP
 D = Non-vault monster count
 E = Vault monster count
 F = Vault count percentage of total count
                 A         B        C        D         E       F
            +---------+---------+-------+---------+---------+-------
      Total |      47 |       3 |   6.0 |      27 |       2 |   6.9
            +---------+---------+-------+---------+---------+-------
        D:1 |      47 |       3 |   6.0 |      27 |       2 |   6.9
            +---------+---------+-------+---------+---------+-------
